 Dungeon Crawl Stone Soup version 0.30-a0-269-gf0224bf7b6 (webtiles) character file.

Game seed: 15993327182862181342

6721 brknglss the Thaumaturge (level 11, -10/81 HPs)
             Began as a Gnoll Fire Elementalist on Oct 14, 2022.
             Mangled by a hornet (11 damage)
             ... on level 9 of the Dungeon.
             The game lasted 00:27:49 (12427 turns).

brknglss the Thaumaturge (Gnoll Fire Elementalist) Turns: 12427, Time: 00:27:50

Health: -10/81     AC:  5    Str:  7    XL:     11   Next: 4%
Magic:  14/23      EV: 15    Int: 18    God:
Gold:   462        SH:  0    Dex: 14    Spells: 16/26 levels left

rFire   + . .      SeeInvis .    I - +4 scimitar (freeze)
rCold   . . .      Faith    .    (no shield)
rNeg    + . .      Spirit   .    y - +2 robe {rN+}
rPois   .          Reflect  .    g - +0 helmet
rElec   .          Harm     .    (no cloak)
rCorr   .          Rampage  .    (no gloves)
Will    .....                    (no boots)
Stlth   ++++......               (no amulet)
HPRegen 0.33/turn                w - ring of protection from cold
MPRegen 0.18/turn                G - ring of fire

@: lethally poisoned (-10 -> -21), freezing walls, slowed, very slow
A: fangs 1, strong nose, distributed training
a: no special abilities


You were on level 9 of the Dungeon.
You visited 1 branch of the dungeon, and saw 9 of its levels.

You collected 462 gold pieces.

Inventory:

Hand Weapons
 k - a +2 dagger of electrocution
 I - a +4 scimitar of freezing (weapon)
Missiles
 x - 28 poisoned darts
Armour
 g - a +0 helmet (worn)
 q - a +3 leather armour
 y - a +2 robe of positive energy (worn)
Magical Staves
 D - a staff of air
Jewellery
 m - a ring of resist corrosion
 v - a ring of protection from fire
 w - a ring of protection from cold (left hand)
 G - a ring of fire (right hand)
Wands
 j - a wand of light (8)
 E - a wand of flame (15)
Scrolls
 d - 4 scrolls of fog {unknown}
 e - 5 scrolls of teleportation
 h - 3 scrolls of immolation {unknown}
 i - a scroll of summoning {unknown}
 l - 2 scrolls of fear {unknown}
 n - 3 scrolls of brand weapon {unknown}
 t - a scroll of poison {unknown}
 u - a scroll of noise {unknown}
 A - a scroll of blinking {unknown}
 C - 2 scrolls of magic mapping {unknown}
Potions
 a - a potion of lignification
 b - a potion of magic
 c - 4 potions of brilliance
 f - 3 potions of attraction
 o - a potion of ambrosia
 p - 2 potions of berserk rage
 r - 2 potions of curing
 s - 4 potions of haste {unknown}
 z - 2 potions of mutation {unknown}
 B - 2 potions of heal wounds {unknown}
 F - a potion of invisibility {unknown}
 H - a potion of might {unknown}


   Skills:
 + Level 6.1 Fighting
 + Level 6.1 Short Blades
 + Level 6.1 Long Blades
 + Level 6.1 Axes
 + Level 6.1 Maces & Flails
 + Level 6.1 Polearms
 + Level 6.1 Staves
 + Level 6.1 Ranged Weapons
 + Level 6.1 Throwing
 + Level 6.1 Armour
 + Level 7.7 Dodging
 + Level 7.4 Stealth
 + Level 6.1 Shields
 + Level 6.1 Unarmed Combat
 + Level 8.0 Spellcasting
 + Level 5.5 Conjurations
 + Level 5.0 Hexes
 + Level 5.0 Summonings
 + Level 5.0 Necromancy
 + Level 5.0 Translocations
 + Level 5.0 Transmutations
 + Level 7.5 Fire Magic
 + Level 5.0 Ice Magic
 + Level 5.0 Air Magic
 + Level 5.0 Earth Magic
 + Level 5.0 Poison Magic
 + Level 6.7 Invocations
 + Level 6.1 Evocations


You had 16 spell levels left.
You knew the following spells:

 Your Spells              Type           Power      Damage    Failure   Level
a - Foxfire               Conj/Fire      100%       2x1d9     1%          1
b - Scorch                Fire           100%       2d10      1%          2
c - Flame Wave            Conj/Fire      46%        2d12      7%          4
d - Frozen Ramparts       Ice            50%        1d8       3%          3

Your spell library contained the following spells:

 Spells                   Type           Power      Damage    Failure   Level
 Beastly Appendage        Tmut           50%        N/A       1%          1
 Freeze                   Ice            100%       1d10      1%          1
 Wereblood                Tmut           25%        N/A       1%          2
 Inner Flame              Hex/Fire       44%        N/A       2%          3
 Kindle Blastsparks       Fire/Tloc/Air  84%        2d17      2%          3
 Hailstorm                Conj/Ice       26%        3d7       3%          3
 Spider Form              Tmut/Pois      25%        N/A       3%          3


Dungeon Overview and Level Annotations

Branches:
Dungeon (9/15)             Temple (0/1) D:4            Lair (0/5) D:9
    Orc: D:9-12

Altars:
Gozag
Makhleb
Ru
Trog
Uskayaw

Shops:
D:6 *

Annotations:
D:4 3 runed translucent doors, brknglss's ghost, novice DjFE


Innate Abilities, Weirdness & Mutations

You have very sharp teeth.
Your uncanny sense of smell can sniff out nearby items.
Your experience applies equally to all skills.


Message History

You feel very sick.
The wall freezes the hornet.
The hornet misses you.
The wall freezes the hornet but does no damage.
The hornet stings you!
You suddenly lose the ability to move!
The wall freezes the hornet.
The hornet stings you but does no damage.
The wall freezes the hornet but does no damage.
The hornet stings you!
You feel as though you will be slow longer.
The wall freezes the hornet.
The hornet stings you.
You shrug off the repeated paralysis!
You feel sick.
The hornet is no longer more vulnerable to fire.
The wall freezes the hornet.
The hornet stings you!
* * * LOW HITPOINT WARNING * * *
You feel as though you will be slow longer.
The wall freezes the hornet but does no damage.
The hornet stings you!
* * * LOW HITPOINT WARNING * * *
You shrug off the repeated paralysis!
The wall freezes the hornet.
The hornet stings you but does no damage.
* * * LOW HITPOINT WARNING * * *
You feel sick.
The wall freezes the hornet.
The hornet stings you but does no damage.
The wall freezes the hornet but does no damage.
The hornet stings you.
* * * LOW HITPOINT WARNING * * *
You feel as though you will be slow longer.
The wall freezes the hornet.
You kill the hornet!
You can move again.
Your Spellcasting skill increases to level 8!
You feel better.
The wall freezes the hornet.
The hornet stings you!
* * * LOW HITPOINT WARNING * * *
You are lethally poisoned!
You feel as though you will be slow longer.
The wall freezes the hornet but does no damage.
The hornet closely misses you.
The wall freezes the hornet.
The hornet stings you!
You die...

.#.... .... ......###..#
...(..+....# ∆ ∆
#.....#.#..#
#.......#..# ∆
#.....>....# ∆
#..........## ####
#......y#...######..####
#......@#...............
#.....#†#.#...#####...##
#######.#.###...........
#.#.# #######.#.##
#....# #.#.# #.#....
#####.#.# #.#.
#.##..#~.#.# ∆ #.#
##.......#..#
#..........###


You could see a hornet.

Vanquished Creatures
  2 two-headed ogres
  Pikel (D:7)
  Joseph (D:7)
  Maggie (D:6)
  A rime drake (D:9)
  A hornet (D:9)
  Sigmund (D:6)
  A yak (D:9)
  A wyvern (D:8)
  Edmund (D:6)
  Menkaure (D:6)
  A water moccasin (D:8)
  2 ice beasts
  A sky beast (D:7)
  3 black bears
  A centaur (D:4)
  An ogre (D:6)
  4 phantoms
  A lemure (D:7)
  2 kobold brigands
  Blork the orc (D:5)
  3 bullfrogs
  3 scorpions
  12 wights
  2 howler monkeys
  A jelly (D:4)
  4 orc priests
  3 hounds
  A gnoll bouda (D:5)
  Jessica (D:2)
  3 iguanas
  14 orc wizards
  6 gnolls
  11 adders
  An ufetubus (D:5)
  3 dart slugs
  21 orcs
  9 ball pythons
  3 bat zombies (D:2)
  8 endoplasms
  2 giant cockroaches
  11 goblins
  8 hobgoblins
  9 jackals
  16 kobolds
  3 quokkas
  2 ball python skeletons (D:2)
  2 ball python zombies (D:2)
  6 bats
  9 frilled lizards
  6 rats
212 creatures vanquished.

Vanquished Creatures (others)
  504 foxfires
  9 plants
513 creatures vanquished.

Grand Total: 725 creatures vanquished

Notes
Turn   | Place    | Note
-------+----------+-------------------------------------------
     0 | D:1      | brknglss the Gnoll Fire Elementalist began the quest for
                  | the Orb.
     0 | D:1      | Reached XP level 1. HP: 13/13 MP: 6/6
   197 | D:1      | Reached XP level 2. HP: 16/19 MP: 4/7
   339 | D:1      | Found a faded altar of an unknown god.
  1333 | D:1      | Reached skill level 5 in Spellcasting
  1333 | D:1      | Reached XP level 3. HP: 25/25 MP: 5/9
  1754 | D:1      | Reached skill level 1 in Invocations
  2009 | D:1      | Learned a level 2 spell: Scorch
  2076 | D:2      | Reached skill level 1 in Fighting
  2076 | D:2      | Reached skill level 1 in Short Blades
  2076 | D:2      | Reached skill level 1 in Long Blades
  2076 | D:2      | Reached skill level 1 in Axes
  2076 | D:2      | Reached skill level 1 in Maces & Flails
  2076 | D:2      | Reached skill level 1 in Polearms
  2076 | D:2      | Reached skill level 1 in Staves
  2076 | D:2      | Reached skill level 1 in Ranged Weapons
  2076 | D:2      | Reached skill level 1 in Throwing
  2076 | D:2      | Reached skill level 1 in Armour
  2076 | D:2      | Reached skill level 1 in Shields
  2076 | D:2      | Reached skill level 1 in Unarmed Combat
  2076 | D:2      | Reached skill level 1 in Evocations
  2395 | D:2      | Reached XP level 4. HP: 32/32 MP: 7/11
  2560 | D:2      | Noticed a black bear
  2702 | D:2      | Reached skill level 1 in Hexes
  2702 | D:2      | Reached skill level 1 in Summonings
  2702 | D:2      | Reached skill level 1 in Necromancy
  2702 | D:2      | Reached skill level 1 in Translocations
  2702 | D:2      | Reached skill level 1 in Transmutations
  2702 | D:2      | Reached skill level 1 in Ice Magic
  2702 | D:2      | Reached skill level 1 in Air Magic
  2702 | D:2      | Reached skill level 1 in Earth Magic
  2702 | D:2      | Reached skill level 1 in Poison Magic
  3031 | D:2      | Reached XP level 5. HP: 21/37 MP: 9/12
  3242 | D:2      | Learned a level 4 spell: Flame Wave
  3384 | D:2      | Killed a black bear
  3385 | D:2      | Reached XP level 6. HP: 44/44 MP: 8/14
  3520 | D:2      | Noticed Jessica
  3528 | D:2      | Killed Jessica
  3529 | D:2      | Reached skill level 5 in Dodging
  4389 | D:3      | Found a burning altar of Makhleb.
  4679 | D:4      | Found a runed translucent gate.
  4679 | D:4      | Found a runed translucent gate.
  4680 | D:4      | Found a runed translucent gate.
  4681 | D:4      | Found an opulent altar of Gozag.
  4687 | D:4      | Reached XP level 7. HP: 20/50 MP: 6/15
  4895 | D:4      | Noticed brknglss's ghost (novice DjFE)
  5054 | D:4      | Found a staircase to the Ecumenical Temple.
  5705 | D:4      | Found a hide-covered altar of Uskayaw.
  5926 | D:4      | Reached skill level 5 in Stealth
  6205 | D:5      | Entered Level 5 of the Dungeon
  6209 | D:5      | Noticed Blork the orc
  6495 | D:5      | Killed Blork the orc
  6496 | D:5      | Reached XP level 8. HP: 42/58 MP: 5/16
  6573 | D:4      | Reached skill level 6 in Spellcasting
  7621 | D:6      | Found Wukeer's General Store.
  7632 | D:6      | Found a sacrificial altar of Ru.
  7892 | D:6      | Noticed Menkaure
  7903 | D:6      | Killed Menkaure
  7905 | D:6      | Reached XP level 9. HP: 34/65 MP: 1/18
  8003 | D:6      | Noticed Edmund
  8009 | D:6      | Killed Edmund
  8301 | D:6      | Noticed Sigmund
  8309 | D:6      | Killed Sigmund
  8637 | D:6      | Found a bloodstained altar of Trog.
  8710 | D:6      | Noticed Maggie
  8718 | D:6      | Killed Maggie
  8838 | D:6      | Reached skill level 5 in Invocations
  9856 | D:7      | Reached skill level 7 in Spellcasting
 10129 | D:7      | Noticed Joseph
 10143 | D:7      | Killed Joseph
 10144 | D:7      | Reached skill level 5 in Fighting
 10144 | D:7      | Reached skill level 5 in Short Blades
 10144 | D:7      | Reached skill level 5 in Long Blades
 10144 | D:7      | Reached skill level 5 in Axes
 10144 | D:7      | Reached skill level 5 in Maces & Flails
 10144 | D:7      | Reached skill level 5 in Polearms
 10144 | D:7      | Reached skill level 5 in Staves
 10144 | D:7      | Reached skill level 5 in Ranged Weapons
 10144 | D:7      | Reached skill level 5 in Throwing
 10144 | D:7      | Reached skill level 5 in Armour
 10144 | D:7      | Reached skill level 5 in Shields
 10144 | D:7      | Reached skill level 5 in Unarmed Combat
 10144 | D:7      | Reached skill level 5 in Evocations
 10144 | D:7      | Reached XP level 10. HP: 63/74 MP: 6/20
 10355 | D:7      | Noticed Pikel
 10364 | D:7      | Killed Pikel
 10994 | D:8      | Noticed a two-headed ogre
 11045 | D:8      | Reached skill level 5 in Conjurations
 11123 | D:8      | Killed a two-headed ogre
 11259 | D:8      | Learned a level 3 spell: Frozen Ramparts
 11994 | D:9      | Noticed a two-headed ogre
 12017 | D:9      | Killed a two-headed ogre
 12206 | D:9      | Found a staircase to the Lair.
 12237 | D:9      | Reached skill level 5 in Hexes
 12237 | D:9      | Reached skill level 5 in Summonings
 12237 | D:9      | Reached skill level 5 in Necromancy
 12237 | D:9      | Reached skill level 5 in Translocations
 12237 | D:9      | Reached skill level 5 in Transmutations
 12237 | D:9      | Reached skill level 5 in Ice Magic
 12237 | D:9      | Reached skill level 5 in Air Magic
 12237 | D:9      | Reached skill level 5 in Earth Magic
 12237 | D:9      | Reached skill level 5 in Poison Magic
 12237 | D:9      | Reached XP level 11. HP: 28/81 MP: 6/22
 12424 | D:9      | Paralysed by a hornet for 3 turns
 12426 | D:9      | HP: 2/81 [hornet (3)]
 12427 | D:9      | Reached skill level 8 in Spellcasting
 12427 | D:9      | Mangled by a hornet

Illustrated notes

Levels and vault maps discovered:
D:1:      amcnicky_arrival_underground_garden, layout_basic,
          hellmonk_ecumenical_altar_crossroads, minmay_liquid_box
D:2:      layout_basic, serial_undead, serial_undead_d, serial_undead_e,
          serial_undead_e, serial_undead_d, serial_undead_d, serial_undead_d,
          grunt_decor_fettered, corexii_corridor_pit, uniq_jessica
D:3:      layout_loops_cross, lemuel_coloured_pillars_altar, serial_bayou_ford_a
D:4:      layout_loops_corners, mainiacjoe_overflow_boulevard,
          minmay_temple_entry_ruins, ebering_ghost_gozag
D:5:      layout_cave_pools, minmay_lizard_king, uniq_blork_the_orc
D:6:      minmay_flawed_box, layout_basic, nicolae_ru_great_annihilating_truth,
          lemuel_tele_altar, serial_shops, shop, sigmund_edmund_badplayer,
          uniq_menkaure, uniq_maggie
D:7:      layout_basic, uniq_pikel, uniq_joseph
D:8:      layout_basic
D:9:      minmay_blocky_corners, layout_basic, nicolae_overflow_squiral,
          hellmonk_lair_entry_icy, minmay_hollow_rounded_squares, uniq_amaemon

Skill      XL: |  1  2  3  4  5  6  7  8  9 10 11 |
---------------+----------------------------------+-----
Conjurations   | 2 3 4 5 |  5.5
Spellcasting   | 5 6 7 8 |  8.0
Invocations    | 1 2 3 4 5 6 |  6.7
Fighting       | 1 2 3 4 5 6 |  6.1
Short Blades   | 1 2 3 4 5 6 |  6.1
Long Blades    | 1 2 3 4 5 6 |  6.1
Axes           | 1 2 3 4 5 6 |  6.1
Maces & Flails | 1 2 3 4 5 6 |  6.1
Polearms       | 1 2 3 4 5 6 |  6.1
Staves         | 1 2 3 4 5 6 |  6.1
Ranged Weapons | 1 2 3 4 5 6 |  6.1
Throwing       | 1 2 3 4 5 6 |  6.1
Armour         | 1 2 3 4 5 6 |  6.1
Shields        | 1 2 3 4 5 6 |  6.1
Unarmed Combat | 1 2 3 4 5 6 |  6.1
Evocations     | 1 2 3 4 5 6 |  6.1
Hexes          | 1 2 3 4 5 |  5.0
Summonings     | 1 2 3 4 5 |  5.0
Necromancy     | 1 2 3 4 5 |  5.0
Translocations | 1 2 3 4 5 |  5.0
Transmutations | 1 2 3 4 5 |  5.0
Ice Magic      | 1 2 3 4 5 |  5.0
Air Magic      | 1 2 3 4 5 |  5.0
Earth Magic    | 1 2 3 4 5 |  5.0
Poison Magic   | 1 2 3 4 5 |  5.0
Dodging        | 5 6 7 |  7.7
Stealth        | 5 6 7 |  7.4
Fire Magic     | 6 7 |  7.5

Action                   |  1- 3 |  4- 6 |  7- 9 | 10-12 || total
-------------------------+-------+-------+-------+-------++-------
Melee: Dagger            |    12 |    31 |    39 |       ||    82
       Bite              |       |     3 |     4 |     1 ||     8
       Scimitar          |       |       |       |     4 ||     4
 Cast: Foxfire           |    81 |    63 |   112 |    55 ||   311
       Scorch            |       |    30 |   119 |    29 ||   178
       Frozen Ramparts   |       |       |       |     5 ||     5
       Flame Wave        |       |       |       |     2 ||     2
  Use: Scroll            |       |       |     6 |     1 ||     7
       Potion            |       |       |       |     1 ||     1
 Stab: Sleeping          |       |     1 |     8 |       ||     9
Armor: Robe              |     3 |    20 |    10 |     6 ||    39
       Leather armour    |       |     6 |    32 |       ||    38
Dodge: Dodged            |    16 |    70 |    87 |    42 ||   215

Table legend: (Time is in decaauts)
 A = Elapsed time spent in this place.
 B = Non-inter-level travel time spent in this place.
 C = Inter-level travel time spent in this place.
 D = Time resting spent in this place.
 E = Time spent auto-exploring this place.
 F = Levels seen in this place.
 G = Mean time per level.
                   A        B        C        D        E       F      G
               +--------+--------+--------+--------+--------+-----+--------+
         Total |  12429 |  12189 |    240 |   4552 |   5642 |   9 | 1381.0 |
       Dungeon |  12429 |  12189 |    240 |   4552 |   5642 |   9 | 1381.0 |
               +--------+--------+--------+--------+--------+-----+--------+

Top non-repeatable levels by time:
     D:4: 2227 daAuts
     D:6: 2192 daAuts
     D:1: 2131 daAuts
     D:2: 1327 daAuts
     D:8: 1080 daAuts
     D:7: 1048 daAuts
     D:3: 1044 daAuts
     D:5: 874 daAuts
     D:9: 502 daAuts
